AoeStats
← SnobbishPine893

African Clearing

506769605Analyzed
3v3 RM · 18d ago on Sep 15, 2026· 58m 51s· 6 players
Game mode
Random Map
Map size
Normal (6 player)
Population
200
Speed
Normal
Resources
Standard
Victory
Conquest
Starting age
Dark Age
Ending age
Imperial Age
RankedLock teamsTeams togetherTeam positionsShared explorationLock speedFull tech treeHidden civsTurbo modeCheats
Victory
Defeat
🇺🇸 Hindustanis · United States
1240
+13
🇲🇽 Vikings · Mexico
1227
+13
🇹🇷 Berbers · Türkiye
1163
+16
🇺🇸 Huns · United States
1209
-16
🇺🇸 Aztecs · United States
1178
-14
🇺🇸 Romans · United States
1106
-12
SnobbishPine893
4:45 Loom
12:28 Feudal Age
12:55 Double-Bit Axe
16:46 Fletching
18:52 Padded Archer Armor
25:32 Castle Age
24:54 Town Watch
24:52 Horse Collar
25:33 Crossbowman
26:09 Bodkin Arrow
26:40 Bow Saw
28:06 Leather Archer Armor
31:37 Wheelbarrow
39:23 Scale Mail Armor
45:15 Hand Cart
45:01 Town Patrol
56:59 Thumb Ring
Exori
10:19 Loom
12:44 Feudal Age
13:25 Double-Bit Axe
15:29 Town Watch
16:53 Padded Archer Armor
16:46 Fletching
19:31 Padded Archer Armor
27:40 Castle Age
25:37 Horse Collar
28:25 Bodkin Arrow
27:51 Crossbowman
29:12 Bow Saw
29:03 Heavy Plow
29:19 Scale Mail Armor
37:25 Leather Archer Armor
37:36 Chain Mail Armor
45:26 Imperial Age
47:12 Two-Man Saw
46:46 Crop Rotation
45:38 Arbalester
46:20 Bracer
46:15 Capped Ram
47:34 Conscription
48:05 Ring Archer Armor
48:38 Chemistry
47:59 Ballistics
47:49 Gold Mining
49:39 Onager
50:46 Siege Engineers
51:20 Siege Ram
54:02 Town Patrol
56:30 Masonry
ConcernedApe
9:49 Loom
12:19 Feudal Age
13:41 Double-Bit Axe
18:57 Bloodlines
19:42 Padded Archer Armor
19:49 Scale Barding Armor
21:23 Horse Collar
26:37 Castle Age
28:31 Wheelbarrow
27:42 Town Watch
29:10 Heavy Plow
29:36 Fletching
29:47 Padded Archer Armor
32:20 Bodkin Arrow
32:40 Leather Archer Armor
33:33 Husbandry
33:59 Chain Barding Armor
33:50 Forging
39:57 Chain Barding Armor
42:00 Iron Casting
46:55 Imperial Age
44:42 Hand Cart
46:01 Town Patrol
46:58 Heavy Camel Rider
48:14 Plate Barding Armor
48:16 Maghrebi Camels
48:37 Conscription
49:22 Blast Furnace
49:03 Bow Saw
51:41 Gold Mining
54:58 Gold Shaft Mining
57:04 Bracer
57:20 Leather Archer Armor
56:44 Elite Skirmisher
58:02 Ballistics
58:43 Chemistry
59:55 Ring Archer Armor
schupacalypse
6:36 Loom
8:21 Loom
12:30 Feudal Age
27:21 Castle Age
26:16 Scale Mail Armor
26:24 Double-Bit Axe
26:31 Horse Collar
26:30 Man-at-Arms
28:40 Fletching
31:48 Ballistics
46:22 Wheelbarrow
47:38 Pikeman
51:44 Imperial Age
51:14 Hand Cart
52:11 Heavy Scorpion
54:47 Town Watch
Spartacus
9:29 Loom
13:39 Feudal Age
15:02 Double-Bit Axe
20:47 Castle Age
19:22 Fletching
19:32 Padded Archer Armor
21:46 Bodkin Arrow
23:50 Gold Mining
26:39 Leather Archer Armor
32:02 Town Watch
32:37 Bow Saw
34:06 Thumb Ring
35:59 Horse Collar
36:58 Bloodlines
37:38 Ballistics
38:58 Heavy Plow
41:01 Wheelbarrow
42:11 Husbandry
47:37 Masonry
49:00 Gold Shaft Mining
48:15 Stone Mining
49:19 Coinage
52:47 Hand Cart
55:49 Imperial Age
55:19 Murder Holes
58:14 Conscription
57:17 Heavy Cavalry Archer
Gabellius
6:42 Loom
8:23 Loom
9:11 Loom
12:16 Feudal Age
13:11 Double-Bit Axe
13:41 Town Watch
16:22 Fletching
17:27 Wheelbarrow
21:15 Padded Archer Armor
24:39 Scale Mail Armor
31:37 Castle Age
32:10 Horse Collar
33:11 Crossbowman
37:39 Bodkin Arrow
39:38 Hand Cart
39:35 Bow Saw
39:27 Heavy Plow
40:49 Forging
40:54 Chain Mail Armor
41:10 Gambesons
41:25 Squires
41:44 Chain Mail Armor
42:54 Iron Casting
44:03 Bodkin Arrow
46:50 Pikeman
51:15 Imperial Age
48:38 Elite Skirmisher
53:53 Bracer
54:35 Conscription
Connection lost

Rejoining the realm…

Still unreachable

The connection could not be restored.

Session expired

The server has moved on; the page needs a fresh start.